 Dungeon Crawl Stone Soup version 0.18-a0-1354-gbc5753f (webtiles) character file.

188 gorblad the Skirmisher (level 5, -2/46 HPs)
             Began as a Centaur Fighter on Feb 20, 2016.
             Slain by a gnoll
             ... wielding a +0 club
              (5 damage)
             ... on level 4 of the Dungeon.
             The game lasted 00:05:33 (3044 turns).

gorblad the Skirmisher (Centaur Fighter)            Turns: 3044, Time: 00:05:33

Health: -2/46      AC:  7    Str: 25    XL:     5   Next: 39%
Magic:  5/5        EV:  6    Int:  7    God:
Gold:   86         SH:  9    Dex:  8    Spells: 0 memorised, 4 levels left

rFire  . . .     SeeInvis .     a - +1 trident
rCold  . . .     Gourm    .     b - +0 scale mail
rNeg   . . .     Faith    .     c - +0 shield
rPois  .         Spirit   .     (no helmet)
rElec  .         Dismiss  .     (no cloak)
rCorr  .         Reflect  .     h - +0 pair of gloves
SustAt .         Harm     .     (no barding)
MR     .....                    (no amulet)
Stlth  ..........               (no ring)
                                (no ring)

@: mighty, glowing, very quick, not resistant to hostile enchantments, extremely
unstealthy
A: hooves 3, deformed body, speed 2, tough skin 3
a: no special abilities


You were on level 4 of the Dungeon.
You were not hungry.

You visited 1 branch of the dungeon, and saw 4 of its levels.

You collected 176 gold pieces.
You spent 90 gold pieces at shops.

Inventory:

Hand Weapons
 a - a +1 trident (weapon)
Armour
 b - a +0 scale mail (worn)
 c - a +0 shield (worn)
 h - a +0 pair of gloves (worn)
Scrolls
 e - 7 scrolls of remove curse
 k - a scroll of amnesia
 l - a scroll of teleportation
 m - a scroll of identify
Potions
 j - 2 potions of degeneration
Comestibles
 f - 2 bread rations
 g - 4 chunks of flesh
 i - 3 meat rations
 n - a beef jerky
 o - a royal jelly


   Skills:
 + Level 3.9 Fighting
 + Level 2.4 Polearms
 + Level 3.0 Armour
 + Level 1.3 Dodging
 + Level 2.8 Shields


You had 4 spell levels left.
You didn't know any spells.

Dungeon Overview and Level Annotations

Branches:
Dungeon (4/15)
 Temple: D:4-7

Altars:
Kikubaaqudgha

Shops:
D:4 (*


Innate Abilities, Weirdness & Mutations

You have hooves in place of feet.
Armour fits poorly on your strangely shaped body.
You cover ground very quickly.
You have extremely tough skin (AC +3).


Message History

The giant cockroach bites you but does no damage.
You block the gnoll shaman's attack.
Drink which item? (? for menu, Esc to quit)
You feel very mighty all of a sudden. The gnoll hits you with a club.
* * * LOW HITPOINT WARNING * * *
The giant cockroach bites you but does no damage.
You block the gnoll's attack. The gnoll shaman hits you with a whip.
* * * LOW HITPOINT WARNING * * *
Your shield and scale mail prevent you from hitting the gnoll shaman.
Your kick misses the gnoll shaman.
The gnoll shaman is almost dead.
The giant cockroach bites you but does no damage.
The gnoll hits you but does no damage. The gnoll shaman barely misses you.
You block the giant cockroach's attack.
Your shield and scale mail prevent you from hitting the gnoll shaman.
You kick the gnoll shaman.
The gnoll shaman is almost dead.
You block the gnoll's attack. The gnoll hits you with a club.
You die...

........###..
...........#..#
..............#
.............#
............#
......?....#
..........%####
.............s.......##
.##............g@.......#
..#......).....g###..##.#
..............#####.## .#
#............##..##..## #
#........###........# #
#....................# #
#.............>....## ##
##..##....#........##
.####..########........#


You could see a gnoll shaman, a gnoll and a giant cockroach.

Vanquished Creatures
  Jessica (D:2)
  2 worker ants (D:4)
  3 gnolls (D:4)
  An adder (D:4)
  An ooze (D:3)
  An adder skeleton (D:4)
  2 worms
  2 giant geckos
  An orc (D:4)
  2 bat zombies (D:2)
  3 giant cockroaches
  6 goblins
  9 hobgoblins
  4 quokkas
  7 bats
  7 giant newts
  7 kobolds
  6 rats
65 creatures vanquished.

Notes
Turn   | Place    | Note
--------------------------------------------------------------
     0 | D:1      | gorblad the Centaur Fighter began the quest for the Orb.
     0 | D:1      | Reached XP level 1. HP: 19/19 MP: 1/1
   335 | D:1      | Reached XP level 2. HP: 24/26 MP: 2/2
   956 | D:2      | Reached XP level 3. HP: 31/31 MP: 3/3
  1347 | D:2      | Noticed Jessica
  1355 | D:2      | Killed Jessica
  1588 | D:2      | Found an ancient bone altar of Kikubaaqudgha.
  1692 | D:3      | Reached XP level 4. HP: 39/39 MP: 4/4
  2195 | D:4      | Found Lana's Weapon Boutique.
  2199 | D:4      | Reached skill level 1 in Dodging
  2749 | D:4      | Reached XP level 5. HP: 33/46 MP: 5/5
  2935 | D:4      | Found Coerinti's General Store.
  2943 | D:4      | Bought a scroll of enchant weapon for 90 gold pieces
  3042 | D:4      | HP: 2/46 [gnoll shaman/whip (2)]
  3044 | D:4      | Slain by a gnoll

Vault maps used:
D:1:      saegor_arrival_under_anarchy
D:2:      lemuel_zombie_altar_kikubaaqudgha, uniq_jessica
D:3:      first_bread
D:4:      serial_shops, shop, shop, shop, nicolae_shop_crystal,
          serial_park_tiny_pond, kennysheep_cross_room, st_stairs_5,
          uniq_grinder

Action                   |  1- 3 |  4- 6 || total
-------------------------+-------+-------++-------
Melee: Trident           |   127 |   112 ||   239
  Use: Scroll            |     6 |     4 ||    10
       Potion            |       |     6 ||     6
  Eat: Chunk             |     1 |     4 ||     5
